 Dungeon Crawl Stone Soup version 0.23.1 (webtiles) character file.

Game seed: 0

23051 Jannitor the Martial Artist (level 13, -1/110 HPs)
             Began as a Human Chaos Knight on Mar 9, 2019.
             Was a Plaything of Xom.
             Succumbed to a black mamba's poison
             ... on level 3 of the Lair of Beasts.
             The game lasted 00:36:17 (22238 turns).

Jannitor the Martial Artist (Human Chaos Knight)   Turns: 22238, Time: 00:36:18

Health: -1/110     AC: 17    Str: 19    XL:     13   Next: 32%
Magic:  18/18      EV: 14    Int: 19    God:    Xom [.*....]
Gold:   755        SH:  4    Dex: 11    Spells: 12/12 levels left

rFire    + + +     SeeInvis +     - Unarmed
rCold    + + .     Gourm    .   n - +0 buckler
rNeg     + . .     Faith    .   k - +0 swamp dragon scales
rPois    +         Spirit   .   h - +2 hat {SInv}
rElec    +         Reflect  .   (no cloak)
rCorr    +         Harm     .   (no gloves)
MR       +....                  l - +2 pair of boots
Stlth    ++........             z - amulet of magic regeneration
HPRegen  0.28/turn              f - ring of Jolifipti {rF+++ rN+ Dex-5}
MPRegen  0.41/turn              d - ring of stealth

@: brilliant, lethally poisoned (-1 -> -15), resistant
A: antennae 2, rugged brown scales 2, slimy green scales 1, clever 1, cold
resistance 1, magic resistance 1, poison resistance, strong 2, wild magic 1,
evolution 1, MP-powered wands
a: Renounce Religion


You were on level 3 of the Lair of Beasts.
You worshipped Xom.
You were a plaything of Xom.
You were not hungry.

You visited 2 branches of the dungeon, and saw 14 of its levels.
You also visited: Gauntlet and Ice Cave.

You collected 755 gold pieces.

Inventory:

Missiles
 B - a throwing net (quivered)
Armour
 a - a +2 leather armour
 h - a +2 hat of see invisible (worn)
 i - a +3 leather armour of magic resistance
 k - +0 swamp dragon scales (worn)
 l - a +2 pair of boots (worn)
 n - a +0 buckler (worn)
 u - the +1 robe of Integrity {MR+ Dex+4}
   (You found it on level 4 of the Dungeon)

   It affects your dexterity (+4).
   It affects your resistance to hostile enchantments.
 D - the +1 ring mail of Souxzuaj {*Drain Str+7}
   (You found it on level 2 of the Lair of Beasts)

   It affects your strength (+7).
   It causes draining when unequipped.
 F - +0 ice dragon scales
Jewellery
 d - a ring of stealth (right hand)
 f - the ring of Jolifipti (left hand) {rF+++ rN+ Dex-5}
   (You found it in a Gauntlet)

   [ring of positive energy]

   It affects your dexterity (-5).
   It renders you almost immune to fire.
   It protects you from negative energy.
 r - an uncursed ring of flight
 s - an uncursed ring of protection from cold {unknown}
 x - an uncursed amulet of harm
 y - an uncursed ring of ice {unknown}
 z - an amulet of magic regeneration (around neck)
Wands
 v - a wand of digging (3)
Scrolls
 c - 11 scrolls of identify
 e - a scroll of immolation
 g - 2 scrolls of magic mapping
 m - 6 scrolls of remove curse
 p - 2 scrolls of enchant weapon
 t - a scroll of teleportation
Potions
 w - 2 potions of agility
 C - a potion of brilliance
 E - 2 potions of magic
Comestibles
 b - 21 rations


   Skills:
 + Level 10.8 Fighting
 + Level 4.8 Armour
 - Level 7.0 Dodging
 - Level 4.0 Shields
 * Level 14.4 Unarmed Combat
 + Level 7.3 Evocations


You had 12 spell levels left.
You didn't know any spells.
Your spell library contained the following spells:

 Spells                   Type           Power        Failure   Level  Hunger
 Shock                    Conj/Air       ##..         5%          1    ##.....
 Summon Small Mammal      Summ           ##..         5%          1    ##.....
 Call Imp                 Summ           ##......     8%          2    ###....
 Passwall                 Tmut/Erth      ##......     8%          2    ###....
 Swiftness                Chrm/Air       ##......     8%          2    ###....
 Call Canine Familiar     Summ           ##......     14%         3    ####...
 Gell's Gravitas          Tloc           ##........   14%         3    ####...
 Ignite Poison            Fire/Tmut/Pois ##......     14%         3    ####...
 Portal Projectile        Hex/Tloc       ##....       14%         3    ####...
 Static Discharge         Conj/Air       ##......     14%         3    ####...
 Summon Guardian Golem    Hex/Summ       ##......     14%         3    ####...
 Airstrike                Air            ##........   36%         4    #####..
 Force Lance              Conj/Tloc      ##......     36%         4    #####..
 Passage of Golubria      Tloc           N/A          36%         4    #####..
 Sticky Flame             Conj/Fire      ##......     36%         4    #####..
 Summon Ice Beast         Ice/Summ       ##......     36%         4    #####..
 Summon Lightning Spire   Summ/Air       ##......     36%         4    #####..
 Bolt of Magma            Conj/Fire/Erth ##........   65%         5    ######.
 Fireball                 Conj/Fire      ##........   65%         5    ######.
 Iskenderun's Battlesphe  Conj/Chrm      ##......     65%         5    ######.
 Lee's Rapid Deconstruct  Erth           ##........   65%         5    ######.
 Lightning Bolt           Conj/Air       ##........   65%         5    ######.
 Venom Bolt               Conj/Pois      ##........   65%         5    ######.
 Darkness                 Hex            ##........   98%         6    #######
 Dispersal                Tloc           ##........   98%         6    #######
 Invisibility             Hex            ##......     98%         6    #######
 Iron Shot                Conj/Erth      ##........   98%         6    #######
 Orb of Destruction       Conj           ##........   100%        7    #######
 Spellforged Servitor     Conj/Summ      ##........   100%        7    #######
 Controlled Blink         Tloc           N/A          100%        8    #######
 Disjunction              Tloc           ##........   100%        8    #######
 Ignition                 Fire           ##........   100%        8    #######
 Shatter                  Erth           ##........   100%        9    #######
 Tornado                  Air            ##........   100%        9    #######


Dungeon Overview and Level Annotations

Branches:
Dungeon (11/15)            Temple (0/1) D:7            Lair (3/6) D:9
  Swamp (0/4) Lair:3          Orc (0/2) D:11
  Snake: Lair:2-4    Spider: Lair:2-4

Altars:
Cheibriados
Dithmenos
Gozag
Hepliaklqana
Makhleb
Nemelex Xobeh
Okawaru
Qazlal
Ru
Wu Jian
Xom
Yredelemnul
Zin

Annotations:
D:5 3 runed translucent doors, Eustachio; SharpKris's ghost, novice DECj
D:6 1 runed translucent door, Crazy Yiuf
D:7 3 runed translucent doors, tensugalgo's ghost, novice GrMo
D:8 2 transporters
D:9 exclusion: two-headed ogre
Lair:3 Gastronok


Innate Abilities, Weirdness & Mutations

You have a pair of antennae on your head.
You are mostly covered in rugged brown scales. (AC +2, +5% HP)
You are partially covered in slimy green scales. (AC +2)
Your mind is acute. (Int +2)
Your flesh is cold resistant. (rC+)
You are resistant to hostile enchantments. (MR+)
Your system is resistant to poisons. (rPois)
Your muscles are very strong. (Str +4)
Your spells are a little harder to cast, but a little more powerful.
You evolve.
You expend magic power (3 MP) to strengthen your wands.


Message History

Found a ration.
Found a stone staircase leading up.
You feel protected.
* * * LOW HITPOINT WARNING * * *
You feel sick.
Unknown command.
You feel clever all of a sudden.
* * * LOW HITPOINT WARNING * * *
You feel sick.
Your magic is already full.
There is a lethal amount of poison in your body!
Okay, then.
Unknown command.
You don't know any spells.
Unknown command.
Unknown command.
You aren't carrying any weapons that can be enchanted.
Unknown command.
Unknown command.
You die...
Xom guffaws!

****,,,,*,**,* *,
*,,....,,,* **,
*,,....,,,* *,,
#####..#*,,*# ***,
###..#...##,,.# ****,,,
#.........#,..# *,,,,,*
*#.%.......#...#***,,,,,,
*.............##,,,,,,,,,
*#......@.......,,,,,,,,*
*...........<...,,,,,,,,*
*#..............,,,,,,,,,
#..........##..,,,,,,,,,
*#.........##*,.,,,,,,,,,
*...........*,,,,,,,,,,,*
**..........##*,,,,,,,,,,,
*,#..........*,,,,,,,,,,,*
**#...........,,,,,,,,,,,,


There were no monsters in sight!

Vanquished Creatures
  A minotaur (Gauntlet)
  A yaktaur captain (D:11)
  Nergalle (Lair:1)
  2 skeletal warriors (D:11)
  A swamp dragon (D:11)
  An ugly thing (D:11)
  A black mamba (Lair:1)
  A hornet (D:9)
  2 rime drakes
  4 spiny frogs
  2 komodo dragons
  2 ice devils (D:11)
  A queen bee (D:9)
  3 meliai (Gauntlet)
  A polar bear (shapeshifter) (D:9)
  8 blink frogs (Lair:1)
  A hippogriff (Lair:2)
  22 yaks
  A hungry ghost (D:8)
  2 basilisks
  Menkaure (D:4)
  Edmund (D:6)
  Duvessa (D:6)
  A soldier ant (D:10)
  3 water moccasins
  3 porcupines
  A black bear (D:10)
  A phantom (D:9)
  7 orc warriors
  2 sky beasts
  An ice beast (D:5)
  2 necrophages
  A hornet zombie (D:11)
  6 wolves
  7 ogres
  3 centaurs
  5 crocodiles
  2 big kobolds
  14 bullfrogs
  A water moccasin skeleton (D:4)
  5 scorpions
  3 howler monkeys (D:9)
  3 wights (D:9)
  3 jellies
  2 electric eels (Lair:2)
  4 crimson imps
  5 orc priests
  4 hounds
  A bullfrog skeleton (D:11)
  4 centaur skeletons
  2 iguanas (D:8)
  7 orc wizards
  8 worker ants
  A hound zombie (D:9)
  2 howler monkey zombies
  5 gnolls
  15 adders
  2 oozes
  An adder zombie (D:5)
  5 worms
  A dart slug (D:3)
  4 leopard geckos
  23 orcs
  A ball python (D:2)
  6 giant cockroaches
  11 hobgoblins
  5 jackals
  5 quokkas
  10 bats
  6 frilled lizards
  16 goblins
  15 kobolds
  A leopard gecko skeleton (D:5)
  A leopard gecko zombie (D:6)
  A quokka skeleton (D:4)
  4 rats
  A spectral orc (D:6)
314 creatures vanquished.

Vanquished Creatures (collateral kills)
  A reaper (Gauntlet)
  2 orange demons (Gauntlet)
  A wyvern (D:10)
  A yak (D:10)
  A porcupine (D:9)
  2 ice beasts (D:11)
  A sky beast (D:8)
  A black bear (D:9)
  A wolf (Lair:1)
  An ogre (D:8)
  A centaur (D:9)
  Dowan (D:6)
  A howler monkey (D:3)
  A crimson imp (D:5)
  2 orc wizards (D:9)
  2 orcs (D:9)
  A plant (D:9)
21 creatures vanquished.

Vanquished Creatures (others)
  A wolf (Lair:1)
  A yak (D:10)
  Grum (Lair:1)
  An ice beast (D:11)
  2 jackals (D:8)
  43 fungi
  9 plants (D:9)
58 creatures vanquished.

Grand Total: 393 creatures vanquished

Notes
Turn   | Place    | Note
-------+----------+-------------------------------------------
     0 | D:1      | Jannitor the Human Chaos Knight began the quest for the
                  | Orb.
     0 | D:1      | Reached XP level 1. HP: 18/18 MP: 1/1
   233 | D:1      | XOM: potion effect (brilliance)
   238 | D:1      | XOM: harmless Fire miscast
   240 | D:1      | XOM: divination: magic mapping
   242 | D:1      | XOM: enchant monster (bad)
   273 | D:1      | Reached XP level 2. HP: 20/24 MP: 2/2
   546 | D:1      | Reached XP level 3. HP: 29/29 MP: 3/3
   769 | D:2      | Found a glowing silver altar of Zin.
   769 | D:2      | Found a shimmering altar of Xom.
   769 | D:2      | Noticed an angel
   790 | D:1      | Reached skill level 4 in Unarmed Combat
  1118 | D:1      | XOM: noise
  1226 | D:2      | Reached XP level 4. HP: 28/35 MP: 4/4
  1929 | D:2      | XOM is BORED!
  1929 | D:2      | XOM: noise
  1978 | D:2      | Found an iron altar of Okawaru.
  1984 | D:2      | Reached XP level 5. HP: 42/42 MP: 5/5
  2280 | D:2      | XOM: silly message
  2435 | D:3      | Reached skill level 5 in Unarmed Combat
  2553 | D:3      | XOM: scenery: create altars
  2618 | D:3      | Found a sparkling altar of Nemelex Xobeh.
  2683 | D:3      | Found a burning altar of Makhleb.
  2691 | D:3      | XOM: divination: magic mapping
  2692 | D:3      | XOM: noise
  2695 | D:3      | XOM: summons friendly quasit
  2698 | D:3      | Reached skill level 1 in Shields
  2698 | D:3      | Reached XP level 6. HP: 28/48 MP: 6/6
  3043 | D:3      | XOM: butterfly on damage
  3093 | D:2      | HP: 2/48 [orc priest/nerve-wracking pain (13)]
  3093 | D:2      | XOM: butterfly on damage
  3303 | D:2      | XOM: confuse monster(s)
  3483 | D:3      | XOM: harmless Pois miscast
  3508 | D:3      | XOM: harmless Necr miscast
  3725 | D:4      | XOM: give mutations
  3725 | D:4      | Gained mutation: Your mind is acute. (Int +2) [Xom's
                  | mischief]
  3725 | D:4      | Gained mutation: You are weak. (Str -2) [Xom's mischief]
  3728 | D:4      | You fall through a shaft!
  3728 | D:5      | Entered Level 5 of the Dungeon
  3740 | D:5      | Reached XP level 7. HP: 34/55 MP: 7/7
  3783 | D:5      | XOM: harmless Tmut miscast
  3935 | D:5      | XOM: give mutations
  3935 | D:5      | Gained mutation: You are resistant to hostile enchantments.
                  | (MR+) [Xom's grace]
  3935 | D:5      | Gained mutation: You expend magic power (3 MP) to
                  | strengthen your wands. [Xom's grace]
  3955 | D:5      | Noticed Eustachio
  3959 | D:5      | XOM: cast spell 'Summon Mana Viper'
  4114 | D:4      | XOM: scenery: 2 doors open
  4121 | D:4      | Reached skill level 6 in Unarmed Combat
  4686 | D:4      | XOM: harmless Fire miscast
  4694 | D:4      | Got a dull robe
  4705 | D:4      | Identified the +1 robe of Integrity {MR+ Dex+4} (You found
                  | it on level 4 of the Dungeon)
  4832 | D:4      | XOM: harmless Chrm miscast
  4873 | D:4      | Found an ornate altar of the Wu Jian Council.
  4936 | D:5      | Noticed Menkaure
  4938 | D:5      | XOM: enchant monster (good)
  5037 | D:4      | Killed Menkaure
  5037 | D:4      | Reached skill level 5 in Fighting
  5154 | D:4      | XOM: mild Tloc miscast
  5336 | D:5      | Reached skill level 7 in Unarmed Combat
  5336 | D:5      | Reached XP level 8. HP: 43/62 MP: 8/8
  5630 | D:5      | XOM: butterfly on damage
  5640 | D:4      | XOM: swap monsters
  6190 | D:5      | XOM: noise
  6192 | D:5      | XOM: 2-stop teleportation journey
  6199 | D:5      | XOM: potion effect (haste)
  6202 | D:5      | XOM: fake destruction
  6383 | D:5      | Found a runed translucent gate.
  6383 | D:5      | Found a runed translucent gate.
  6383 | D:5      | Found a runed translucent gate.
  6385 | D:5      | Found an opulent altar of Gozag.
  6388 | D:5      | Noticed SharpKris's ghost (novice DECj)
  6458 | D:6      | XOM: noise
  6468 | D:6      | Noticed Edmund
  6473 | D:6      | Found a stormy altar of Qazlal.
  6496 | D:6      | Killed Edmund
  6496 | D:6      | Reached skill level 8 in Unarmed Combat
  6509 | D:6      | XOM: cast spell 'Summon Butterflies'
  6530 | D:6      | XOM: mild Erth miscast
  6606 | D:6      | XOM: noise
  6632 | D:5      | Reached XP level 9. HP: 31/70 MP: 9/9
  6840 | D:6      | Noticed Duvessa
  6852 | D:6      | XOM: fog
  7035 | D:6      | Noticed Dowan
  7039 | D:6      | XOM: summons 6 friendly demons
  7043 | D:6      | Killed Duvessa
  7043 | D:6      | Reached skill level 9 in Unarmed Combat
  7045 | D:6      | Killed Dowan
  7128 | D:6      | XOM: confuse monster(s)
  7134 | D:6      | Found a sand-covered staircase.
  7164 | D:6      | XOM: cleaving
  7256 | D:6      | XOM: give mutations
  7256 | D:6      | Gained mutation: Your system is resistant to poisons.
                  | (rPois) [Xom's grace]
  7256 | D:6      | Gained mutation: You are partially covered in slimy green
                  | scales. (AC +2) [Xom's grace]
  7327 | D:6      | Found a runed translucent door.
  7328 | D:6      | Noticed Crazy Yiuf
  7480 | D:6      | Found a basalt altar of Yredelemnul.
  7521 | D:6      | Found a sacrificial altar of Ru.
  7682 | D:6      | XOM: give mutations
  7682 | D:6      | Gained mutation: You are partially covered in rugged brown
                  | scales. (AC +1, +3% HP) [Xom's grace]
  7682 | D:6      | Gained mutation: You are mostly covered in rugged brown
                  | scales. (AC +2, +5% HP) [Xom's grace]
  7682 | D:6      | Gained mutation: Your flesh is cold resistant. (rC+) [Xom's
                  | grace]
  7752 | D:7      | Noticed a two-headed ogre
  7775 | D:7      | Found a hazy altar of Hepliaklqana.
  8125 | D:7      | Found a runed translucent gate.
  8125 | D:7      | Found a runed translucent gate.
  8125 | D:7      | Found a runed translucent gate.
  8126 | D:7      | XOM: summons friendly quasit
  8144 | D:7      | Noticed tensugalgo's ghost (novice GrMo)
  8182 | D:7      | Found a basalt altar of Yredelemnul.
  8260 | D:7      | Found a staircase to the Ecumenical Temple.
  8468 | D:8      | XOM: scenery: create altars
  8473 | D:8      | XOM: potion effect (agility)
  8526 | D:8      | XOM: noise
  8539 | D:8      | XOM: potion effect (curing)
  8546 | D:8      | Reached skill level 10 in Unarmed Combat
  8551 | D:8      | XOM: divination: detect items
  8594 | D:8      | XOM: harmless Hex miscast
  8816 | D:8      | XOM: divination: magic mapping
  8827 | D:8      | XOM: silly message
  8829 | D:8      | Found a snail-covered altar of Cheibriados.
  8859 | D:8      | XOM: divination: magic mapping
  8861 | D:8      | XOM: destruction
  8865 | D:8      | XOM: summons friendly sun demon
  8867 | D:8      | Reached XP level 10. HP: 5/82 MP: 10/10
  8982 | D:8      | XOM: polymorph sun demon -> sixfirhy
  8988 | D:8      | XOM: harmless Hex miscast
  9181 | D:8      | XOM: mild Pois miscast
  9416 | D:8      | XOM: harmless Fire miscast
  9589 | D:8      | Found a transporter.
  9595 | D:8      | Found a transporter.
  9596 | D:8      | Noticed a deep troll
  9596 | D:8      | Noticed a centaur warrior
  9603 | D:8      | Found a snail-covered altar of Cheibriados.
  9757 | D:8      | Found a shadowy altar of Dithmenos.
 10058 | D:9      | Noticed a two-headed ogre
 10160 | D:9      | XOM: potion effect (might)
 10357 | D:9      | Identified the Volume of Aerial Heat
 10361 | D:9      | XOM: silly message
 10365 | D:9      | Reached skill level 1 in Evocations
 10391 | D:9      | XOM: snakes to sticks
 10398 | D:9      | Reached skill level 11 in Unarmed Combat
 10430 | D:9      | XOM: polymorph gnoll -> shapeshifter
 10626 | D:9      | XOM: 2-stop teleportation journey
 10774 | D:9      | Killed a hornet
 10869 | D:9      | XOM: scenery: create altars
 10883 | D:9      | Found a staircase to the Lair.
 10899 | D:9      | XOM: confuse monster(s)
 10931 | D:9      | XOM: enchant monster (bad)
 10935 | D:9      | XOM: silly message
 11063 | D:9      | XOM: give mutations
 11063 | D:9      | Gained mutation: You are robust. (+10% HP) [Xom's grace]
 11063 | D:9      | Gained mutation: You have sharp toenails. [Xom's grace]
 11213 | D:10     | Entered Level 10 of the Dungeon
 11221 | D:10     | XOM: enchant monster (bad)
 11302 | D:10     | XOM: noise
 11327 | D:10     | Reached skill level 5 in Dodging
 11327 | D:10     | Reached XP level 11. HP: 92/100 MP: 13/13
 11332 | D:10     | XOM: summons 5 hostile demons
 11333 | D:10     | Noticed a soul eater
 11336 | D:10     | XOM: fog
 11341 | D:10     | XOM: enchant monster (good)
 11578 | D:9      | XOM: fog
 11643 | D:9      | XOM: god gift: potion of haste
 11675 | D:9      | XOM: cloud trail
 11739 | D:10     | XOM: summons 8 friendly demons
 11987 | D:10     | XOM: fog
 11996 | D:10     | Reached skill level 12 in Unarmed Combat
 12030 | D:10     | XOM: polymorph yak -> soldier ant
 12039 | D:10     | XOM: potion effect (curing)
 12256 | D:10     | XOM: divination: magic mapping
 12320 | D:10     | XOM: scenery: create altars
 12392 | D:10     | Found a shadowy altar of Dithmenos.
 12414 | D:10     | XOM: god gift: 30 gold pieces
 12550 | D:11     | Noticed a skeletal warrior
 12551 | D:11     | Noticed a swamp dragon
 12551 | D:11     | Noticed a skeletal warrior
 12552 | D:11     | XOM: scenery: create altars
 12560 | D:11     | Killed a skeletal warrior
 12579 | D:11     | Killed a swamp dragon
 12582 | D:11     | Noticed a red ugly thing
 12587 | D:11     | Noticed a skeletal warrior
 12591 | D:11     | Killed a red ugly thing
 12598 | D:11     | XOM: divination: detect creatures
 12608 | D:11     | Killed a skeletal warrior
 12610 | D:11     | XOM: summons 5 friendly demons
 12614 | D:11     | Noticed a yaktaur captain
 12621 | D:11     | XOM: enchant monster (good)
 12977 | D:11     | XOM: enchant monster (good)
 13139 | D:11     | Found a frozen archway.
 13140 | D:11     | XOM: summons friendly shadow imp
 13180 | IceCv    | Entered an ice cave
 13180 | IceCv    | Noticed a white ugly thing
 13181 | IceCv    | XOM: summons 8 friendly demons
 13191 | D:11     | Reached skill level 5 in Evocations
 13211 | D:11     | Killed a yaktaur captain
 13211 | D:11     | Reached XP level 12. HP: 25/110 MP: 4/15
 13612 | Lair:1   | Entered Level 1 of the Lair of Beasts
 13627 | Lair:1   | XOM: polymorph yak -> queen bee
 13635 | D:9      | XOM: destruction
 13646 | D:9      | Reached skill level 13 in Unarmed Combat
 13876 | D:9      | XOM: medium Ice miscast
 13944 | D:9      | XOM: give mutation
 13944 | D:9      | Lost mutation: You are weak. (Str -2) [Xom's mischief]
 14205 | Lair:1   | XOM: harmless Necr miscast
 14321 | Lair:1   | XOM: summons 4 hostile shadow creatures
 14550 | Lair:1   | XOM: draining
 14551 | Lair:1   | XOM: noise
 14649 | Lair:1   | Noticed Grum
 14664 | Lair:1   | XOM: summons 6 hostile demons
 14745 | Lair:1   | XOM: mild Erth miscast
 14750 | Lair:1   | Your ally died
 14757 | Lair:1   | Noticed Nergalle
 14761 | Lair:1   | XOM: fog
 14766 | Lair:1   | XOM: scenery: create altars
 14774 | Lair:1   | Killed Nergalle
 14774 | Lair:1   | Reached skill level 10 in Fighting
 14895 | Lair:1   | XOM: enchant monster (bad)
 14921 | Lair:1   | XOM: confuse monster(s)
 15231 | Lair:1   | XOM: enchant monster (good)
 15296 | Lair:1   | XOM: scenery: create altars
 15526 | Lair:1   | XOM: confuse monster(s)
 15878 | Lair:1   | XOM is BORED!
 15878 | Lair:1   | XOM: mild Summ miscast
 15986 | Lair:2   | XOM: noise
 16038 | Lair:2   | Got a polished ring mail
 16049 | Lair:2   | Identified the +1 ring mail of Souxzuaj {*Drain Str+7} (You
                  | found it on level 2 of the Lair of Beasts)
 16238 | Lair:2   | XOM: scenery: create altars
 16361 | Lair:2   | XOM: give mutation
 16361 | Lair:2   | Gained mutation: Your muscles are strong. (Str +2) [Xom's
                  | mischief]
 16413 | Lair:2   | XOM: scenery: 2 doors open
 16454 | Lair:2   | XOM: enchant monster (bad)
 16496 | Lair:2   | XOM: summons 6 hostile demons
 16747 | Lair:2   | XOM: silly message
 17003 | Lair:2   | XOM: give mutations
 17003 | Lair:2   | Lost mutation: You have sharp toenails. [Xom's mischief]
 17003 | Lair:2   | Gained mutation: Your spells are a little harder to cast,
                  | but a little more powerful. [Xom's mischief]
 17003 | Lair:2   | Lost mutation: You are robust. (+10% HP) [Xom's mischief]
 17402 | Lair:3   | Reached XP level 13. HP: 109/109 MP: 18/18
 17417 | Lair:3   | XOM: torment (56/109 hp)
 17435 | Lair:3   | XOM: summons 3 friendly demons
 17437 | Lair:3   | Reached skill level 14 in Unarmed Combat
 17471 | Lair:3   | XOM: god gift: 7 rations
 17473 | Lair:3   | XOM: confuse monster(s)
 17518 | Lair:3   | Found a gate leading to a gauntlet.
 17528 | Gauntlet | Entered a Gauntlet
 17528 | Gauntlet | Found a transporter.
 17528 | Gauntlet | Found a transporter.
 17529 | Gauntlet | Found a transporter.
 17529 | Gauntlet | Found a transporter.
 17530 | Gauntlet | Noticed a green death
 17532 | Gauntlet | Found a transporter.
 17543 | Gauntlet | Found a transporter.
 17545 | Gauntlet | XOM: god gift: 7 tomahawks of returning
 17551 | Gauntlet | Found a transporter.
 17566 | Gauntlet | Found a transporter.
 17571 | Gauntlet | Found a transporter.
 17631 | Gauntlet | Found a transporter.
 17641 | Gauntlet | Found a transporter.
 17666 | Gauntlet | Found a transporter.
 17935 | Gauntlet | Noticed a reaper
 17935 | Gauntlet | a green death changed into a reaper
 17935 | Gauntlet | XOM: polymorph green death -> reaper
 17943 | Gauntlet | XOM: fake destruction
 17946 | Gauntlet | XOM: swap monsters
 17955 | Gauntlet | XOM: cast spell 'Summon Horrible Things'
 17957 | Gauntlet | Killed a reaper
 18532 | Gauntlet | XOM: scenery: create altars
 19453 | Gauntlet | XOM: noise
 20494 | Gauntlet | XOM: summons 6 hostile demons
 20505 | Gauntlet | XOM: summons 4 hostile demons
 20660 | Gauntlet | XOM: noise
 21116 | Gauntlet | XOM: mild Summ miscast
 21646 | Gauntlet | XOM: give mutations
 21646 | Gauntlet | Gained mutation: You have a pair of small antennae on your
                  | head. [Xom's grace]
 21646 | Gauntlet | Gained mutation: You evolve. [Xom's grace]
 21646 | Gauntlet | Gained mutation: Your muscles are very strong. (Str +4)
                  | [Xom's grace]
 21646 | Gauntlet | Gained mutation: You have a pair of antennae on your head.
                  | [Xom's grace]
 22032 | Gauntlet | Got a scintillating jade ring
 22034 | Gauntlet | Identified the ring of Jolifipti {rF+++ rN+ Dex-5} (You
                  | found it in a Gauntlet)
 22048 | Gauntlet | Identified the +10 demon whip of Fyulatwiliz {drain, rElec
                  | rN+ Dex+5}
 22048 | Gauntlet | Noticed a minotaur
 22054 | Gauntlet | XOM: confusion (+ monsters)
 22055 | Gauntlet | Killed a minotaur
 22101 | Gauntlet | XOM: medium Erth miscast
 22167 | Lair:3   | XOM: polymorph basilisk -> big kobold
 22206 | Lair:3   | Noticed Gastronok
 22206 | Lair:3   | XOM: mild Ice miscast
 22234 | Lair:3   | HP: 5/110 [poisoned by a black mamba]
 22236 | Lair:3   | HP: 2/110 [poisoned by a black mamba]
 22238 | Lair:3   | Succumbed to a black mamba's poison

Skill      XL: |  1  2  3  4  5  6  7  8  9 10 11 12 13 |
---------------+----------------------------------------+-----
Unarmed Combat | 4 5 7 8 10 11 12 13 14 | 14.4
Fighting       | 4 5 6 7 8 9 10 | 10.8
Shields        | 1 2 3 4 |  4.0
Dodging        | 2 5 6 7 |  7.0
Evocations     | 3 5 6 7 |  7.3
Armour         | 3 4 |  4.8

Action                   |  1- 3 |  4- 6 |  7- 9 | 10-12 | 13-15 || total
-------------------------+-------+-------+-------+-------+-------++-------
Melee: Unarmed           |   131 |   266 |   447 |   827 |   134 ||  1805
       Punch             |     5 |     2 |       |       |       ||     7
Evoke: Wand              |       |       |       |    22 |     7 ||    29
  Use: Potion            |       |     8 |     6 |     8 |     8 ||    30
       Scroll            |       |       |    10 |     3 |     3 ||    16
 Stab: Sleeping          |     1 |     1 |     2 |     2 |       ||     6
       Distracted        |       |       |     2 |     2 |       ||     4
       Paralysed         |       |       |       |    26 |     3 ||    29
       Confused          |       |       |       |     5 |     2 ||     7
       Betrayed ally     |       |       |       |     1 |       ||     1
  Eat: Chunk             |     1 |     8 |    20 |    20 |     1 ||    50
       Ration            |       |       |       |     2 |     5 ||     7
Armor: Leather armour    |    57 |    81 |   109 |   108 |       ||   355
       Swamp dragon scal |       |       |       |    86 |    65 ||   151
       Skin              |       |       |       |    10 |    16 ||    26
       Ring mail         |       |       |       |    14 |     8 ||    22
Dodge: Dodged            |   107 |   146 |   204 |   413 |   151 ||  1021
Block: Buckler           |       |    25 |    83 |   156 |    62 ||   326
